 Dungeon Crawl Stone Soup version 0.31.0 (webtiles) character file.

Game seed: 16751597627159281983

646 qw the Shooter (level 7, -14/44 HPs)
             Began as a Gargoyle Hunter on Jan 19, 2024.
             Demolished by an ogre
             ... wielding a +0 giant club
              (17 damage)
             ... on level 5 of the Dungeon.
             The game lasted 00:00:17 (4141 turns).

qw the Shooter (Gargoyle Hunter)                    Turns: 4141, Time: 00:00:17

Health: -14/44     AC: 12    Str: 14    XL:     7   Next: 52%
Magic:  7/7        EV: 11    Int: 10    God:
Gold:   926        SH:  0    Dex: 15    Spells: 6/6 levels left

rFire   . . .        a - +0 shortbow
rCold   + . .        (shield currently unavailable)
rNeg    + . .        h - +0 ring mail
rPois   inf          f - +2 hat
rElec   +            (no cloak)
rCorr   .            (no gloves)
SInv    .            (no boots)
Will    .....        (no amulet)
Stlth   +            d - ring of protection from cold
HPRegen 0.27/turn    (no ring)
MPRegen 0.10/turn

%: no passive effects
@: about to teleport
A: sickness immunity, AC +4, negative energy resistance 1, electricity
resistance, torment resistance 1, petrification resistance
a: no special abilities


You were on level 5 of the Dungeon.
You visited 1 branch of the dungeon, and saw 5 of its levels.

You collected 926 gold pieces.


Innate Abilities, Weirdness & Mutations

You are immune to sickness and miasma.
Your stone body is resilient. (AC +4)
You are immune to poison.
You resist negative energy. (rN+)
You are resistant to electric shocks. (rElec)
You are resistant to unholy torment.
You are immune to petrification.


   Skills:
 - Level 4.6 Fighting
 + Level 7.7 Ranged Weapons
 - Level 2.0 Armour
 - Level 1.5 Dodging
 - Level 1.1 Stealth


You had 6 spell levels left.
You didn't know any spells.
Your spell library was empty.

Inventory:

Hand Weapons
 a - a +0 shortbow (weapon)
Armour
 f - a +2 hat (worn)
 h - a +0 ring mail (worn)
 i - a +0 pair of boots
Jewellery
 d - a ring of protection from cold (left hand)
Scrolls
 c - 2 scrolls of teleportation
Potions
 b - 3 potions of curing
 e - a potion of cancellation
 g - a potion of enlightenment {unknown}
 j - a potion of heal wounds {unknown}
 l - a potion of might {unknown}

Dungeon Overview and Level Annotations

Branches:
Dungeon (5/15)
 Temple: D:4-7

Altars:


Message History

You shoot an arrow. The arrow hits the gnoll.
The gnoll is almost dead.
The gnoll closely misses you.
You shoot an arrow. The arrow hits the gnoll!
You kill the gnoll!
You start resting.
HP restored.
You now have 914 gold pieces (gained 15).
Things that are here:
a +0 club; a +0 whip You see here a +4 whip of draining.
You now have 926 gold pieces (gained 12).
Found an escape hatch in the ceiling.
An ogre comes into view. It is wielding a +0 giant club.
The ogre shouts!
There is an escape hatch in the ceiling here.
You shoot an arrow. The arrow barely misses the ogre.
You shoot an arrow. The arrow barely misses the ogre.
You shoot an arrow.
The arrow hits the ogre but does no damage.
You shoot an arrow. The arrow completely misses the ogre.
You shoot an arrow. The arrow barely misses the ogre.
The ogre hits you with a +0 giant club!!
You shoot an arrow. The arrow closely misses the ogre.
You shoot an arrow.
The arrow hits the ogre but does no damage.
The ogre misses you.
You shoot an arrow.
The arrow hits the ogre but does no damage.
The ogre hits you with a +0 giant club!!
4139 ||| READING 3 scrolls of teleportation.
As you read the scroll of teleportation, it crumbles to dust.
You feel strangely unstable.
You shoot an arrow. The arrow hits the ogre!
The ogre is moderately wounded.
The ogre closely misses you.
You shoot an arrow. The arrow hits the ogre.
The ogre is heavily wounded.
The ogre hits you with a +0 giant club!
You die...

.>. ..# #.# (..# #.....
.# #...# ..... ###..#.
.... .#.#.#.# ...
#......# #.. ..##
#.##.#.# #.. ..#
#.##.#.####.####O#
#........(....##@######.
#.......###.#...........
#.##.##.###.#.##.#######
..(.........#.##.#
#.#.###.##.......#
........##.##.####
.#..###.......# )#..#
######### )...#


You could see an ogre.

Vanquished Creatures
  Menkaure (D:4)
  An ogre (D:5)
  A phantom (D:5)
  A scorpion (D:4)
  A bombardier beetle (D:3)
  3 orc priests
  7 gnolls
  2 adders
  A white imp (D:5)
  A dart slug (D:1)
  3 ribbon worms
  7 orcs
  11 bats
  6 endoplasms
  4 giant cockroaches (D:1)
  3 goblins
  6 hobgoblins
  6 jackals
  10 kobolds
  3 quokkas (D:4)
  3 ball pythons
  A frilled lizard (D:1)
  7 rats
89 creatures vanquished.

Notes
Turn   | Place    | Note
-------+----------+-------------------------------------------
     0 | D:1      | qw the Gargoyle Hunter began the quest for the Orb.
     0 | D:1      | Reached XP level 1. HP: 12/12 MP: 1/1
     0 | D:1      | 0 ||| qw: Version: 0.3-a-132-g3d54051
     0 | D:1      | 0 ||| qw: Game counter: 186
     0 | D:1      | 0 ||| qw: Melee chars always use a shield: true
     0 | D:1      | 0 ||| qw: God list: Okawaru
     0 | D:1      | 0 ||| qw: Allow faded altars: false
     0 | D:1      | 0 ||| qw: Do Orc after clearing Dungeon:15 true
     0 | D:1      | 0 ||| qw: Do second Lair branch before Depths: true
     0 | D:1      | 0 ||| qw: Lair rune preference: random
     0 | D:1      | 0 ||| qw: Goals: Normal
     0 | D:1      | 0 ||| PLANNING D:1-11
    43 | D:1      | HP: 3/12 [kobold/+0 club (2)]
    47 | D:1      | Reached XP level 2. HP: 4/17 MP: 2/2
   503 | D:1      | Reached XP level 3. HP: 21/21 MP: 3/3
   530 | D:1      | Reached skill level 5 in Ranged Weapons
  1049 | D:1      | 1049 ||| UPGRADING to +2 hat.
  1054 | D:1      | 1054 ||| READING scroll labelled ZOKIZA FONESUH.
  1054 | D:1      | Identified a scroll of acquirement
  1054 | D:1      | 1054 ||| ACQUIRING 601 gold pieces
  1054 | D:1      | Acquired 601 gold pieces
  1056 | D:1      | 1056 ||| DRINKING 2 clear potions.
  1057 | D:1      | 1057 ||| DROPPING scroll of butterflies.
  1058 | D:1      | 1058 ||| DROPPING potion of attraction.
  1198 | D:2      | 1198 ||| UPGRADING to +0 ring mail.
  1208 | D:2      | 1208 ||| DROPPING +0 leather armour.
  1210 | D:2      | 1210 ||| READING scroll labelled KIOFYTZABRE.
  1211 | D:2      | 1211 ||| READING scroll labelled ANAXEA YNOI.
  1241 | D:2      | HP: 1/22 [orc priest/+0 falchion of holy wrath (5)]
  1244 | D:2      | Reached XP level 4. HP: 2/27 MP: 4/4
  1244 | D:2      | 1244 ||| FLEEEEING.
  1315 | D:2      | 1315 ||| FLEEEEING.
  1320 | D:2      | 1320 ||| STAIRDANCE
  1415 | D:2      | Reached skill level 3 in Fighting
  1878 | D:2      | 1878 ||| READING 2 scrolls labelled ZELIEVVE HENU.
  1878 | D:2      | 1878 ||| IDENTIFYING metallic orange potion
  1879 | D:2      | 1879 ||| READING scroll of identify.
  1879 | D:2      | 1879 ||| IDENTIFYING yellow potion
  1880 | D:2      | 1880 ||| READING scroll labelled WACKIG NIERUZE.
  1883 | D:2      | 1883 ||| DROPPING potion of degeneration.
  1991 | D:3      | Found a faded altar of an unknown god.
  2068 | D:3      | 2068 ||| FLEEEEING.
  2096 | D:3      | Reached XP level 5. HP: 11/32 MP: 5/5
  2096 | D:3      | HP: 6/32 [burnt (5)]
  2097 | D:3      | 2097 ||| FLEEEEING.
  2097 | D:3      | HP: 2/32 [burnt (4)]
  2738 | D:3      | 2738 ||| UPGRADING to ring of protection from cold.
  2959 | D:4      | Reached skill level 6 in Ranged Weapons
  2959 | D:4      | 2959 ||| FLEEEEING.
  3192 | D:4      | Noticed Menkaure
  3205 | D:4      | Killed Menkaure
  3206 | D:4      | Reached XP level 6. HP: 23/39 MP: 6/6
  3219 | D:4      | 3219 ||| FLEEEEING.
  3402 | D:4      | 3402 ||| FLEEEEING.
  3457 | D:4      | 3457 ||| FLEEEEING.
  3681 | D:4      | Reached XP level 7. HP: 28/44 MP: 7/7
  3681 | D:4      | 3681 ||| FLEEEEING.
  3789 | D:4      | 3789 ||| READING scroll of identify.
  3789 | D:4      | 3789 ||| IDENTIFYING cyan potion
  3790 | D:4      | 3790 ||| READING scroll labelled CEANGEO TENE.
  3791 | D:4      | 3791 ||| FLEEEEING.
  3822 | D:4      | 3822 ||| READING 2 scrolls labelled DIPSOCO UPEM.
  3823 | D:4      | 3823 ||| DROPPING scroll of amnesia.
  3871 | D:5      | Entered Level 5 of the Dungeon
  3951 | D:5      | Reached skill level 7 in Ranged Weapons
  3983 | D:5      | 3983 ||| FLEEEEING.
  3988 | D:5      | 3988 ||| FLEEEEING.
  3989 | D:5      | 3989 ||| FLEEEEING.
  3990 | D:5      | 3990 ||| FLEEEEING.
  3991 | D:5      | 3991 ||| FLEEEEING.
  3992 | D:5      | 3992 ||| FLEEEEING.
  3993 | D:5      | 3993 ||| FLEEEEING.
  3994 | D:5      | 3994 ||| FLEEEEING.
  3995 | D:5      | 3995 ||| FLEEEEING.
  4138 | D:5      | HP: 3/44 [ogre/+0 giant club (21)]
  4139 | D:5      | 4139 ||| READING 3 scrolls of teleportation.
  4141 | D:5      | Demolished by an ogre

Levels and vault maps discovered:
D:1:      ncdulo_halloftheorcs, layout_basic, minmay_indecisive_spiral
D:2:      cheibrodos_pilgrimage, layout_basic
D:3:      layout_basic, ebering_ecumenical_altar_webs
D:4:      layout_loops_ring, uniq_menkaure
D:5:      layout_loops_cross, nicolae_hepliaklqana_hazy_memory

Skill      XL: |  1  2  3  4  5  6  7 |
---------------+----------------------+-----
Ranged Weapons | 5 6 7 |  7.7
Armour         | 2 |  2.0
Fighting       | 3 4 |  4.6
Dodging        | |  1.5
Stealth        | |  1.1

Action                     |  1- 3 |  4- 6 |  7- 9 || total
---------------------------+-------+-------+-------++-------
   Fire: Shortbow          |   124 |   186 |    81 ||   391
    Use: Scroll            |     3 |     3 |     4 ||    10
         Potion            |     1 |       |       ||     1
 Armour: Leather armour    |    49 |       |       ||    49
         Ring mail         |     9 |    57 |    29 ||    95
  Dodge: Dodged            |    57 |    55 |    25 ||   137

Table legend:
 A = Non-vault XP
 B = Vault XP
 C = Vault XP percentage of total XP
 D = Non-vault monster count
 E = Vault monster count
 F = Vault count percentage of total count
                 A         B        C        D         E       F
            +---------+---------+-------+---------+---------+-------
      Total |     697 |     227 |  24.6 |      81 |       8 |   9.0
            +---------+---------+-------+---------+---------+-------
        D:1 |      45 |       5 |  10.0 |      25 |       4 |  13.8
        D:2 |      35 |      50 |  58.8 |      21 |       3 |  12.5
        D:3 |      71 |       0 |   0.0 |       7 |       0 |   0.0
        D:4 |     267 |     172 |  39.2 |      21 |       1 |   4.5
        D:5 |     279 |       0 |   0.0 |       7 |       0 |   0.0
            +---------+---------+-------+---------+---------+-------
